 Dungeon Crawl Stone Soup version 0.15.2 (webtiles) character file.

782 Grimoiregrey the Shield-Bearer (level 8, -4/61 HPs)
             Began as a Human Fighter on Jan 18, 2018.
             Was a Follower of Zin.
             Slain by an ice beast (13 damage)
             ... on Level 6 of the Dungeon.
             The game lasted 00:41:18 (3606 turns).

Grimoiregrey the Shield-Bearer (Human Fighter)      Turns: 3606, Time: 00:41:18

HP  -4/61        AC 13     Str 17      XL: 8   Next: 11%
MP   8/8         EV  5     Int  9      God: Zin [*.....]
Gold 190         SH 10     Dex 13 (14) Spells:  0 memorised,  7 levels left

rFire  . . .     SeeInvis .     a - +1 long sword
rCold  . . .     Clarity  .     p - +0 chain mail
rNeg   . . .     rCorr    .     c - +1 shield
rPois  .         rRot     .     q - +0 helmet
rElec  .         Spirit   .     o - +1 cloak
SustAb .         Warding  .     (no gloves)
rMut   .         Stasis   .     (no boots)
Gourm  .                        (no amulet)
MR     .....                    (no ring)
                                e - +1 ring of evasion

@: not resistant to hostile enchantments, extremely unstealthy
A: no striking features
a: Recite, Renounce Religion


You were on level 6 of the Dungeon.
You worshipped Zin.
Zin was aware of your devotion.
You were not hungry.

You visited 2 branches of the dungeon, and saw 7 of its levels.

You collected 211 gold pieces.
You donated 21 gold pieces to Zin.

Inventory:

Hand weapons
 a - a +1 long sword (weapon)
 f - a +0 short sword
 k - a +0 club
 n - a +0 falchion
Armour
 b - a +0 scale mail
 c - a +1 shield (worn)
 o - a +1 cloak (worn)
 p - a +0 chain mail (worn)
 q - a +0 helmet (worn)
Comestibles
 d - 4 bread rations
 h - 2 fruits
 r - 2 beef jerkies
Jewellery
 e - a +1 ring of evasion (left hand)
Potions
 i - a potion of cure mutation {unknown}
 l - a potion of brilliance
Books
 m - a book of Burglary

   Spells                             Type                      Level
   Swiftness                          Charms/Air                   2
   Passwall                           Transmutation/Earth          3
   Passage of Golubria                Translocation                4
   Lee's Rapid Deconstruction         Earth                        5
   Invisibility                       Hexes                        6
   Darkness                           Hexes                        7
 t - a book of Changes

   Spells                             Type                      Level
   Beastly Appendage                  Transmutation                1
   Sticks to Snakes                   Transmutation                2
   Spider Form                        Transmutation/Poison         3
   Ice Form                           Ice/Transmutation            4
   Blade Hands                        Transmutation                5
   Zin disapproves of the use of such an item.
Magical staves
 j - an uncursed staff of air {unknown}


   Skills:
 + Level 4.6 Fighting
 + Level 0.6(2.3) Short Blades
 + Level 3.7 Long Blades
 + Level 4.4 Armour
 + Level 4.1 Dodging
 + Level 0.2 Stealth
 + Level 5.0 Shields


You had 7 spell levels left.
You didn't know any spells.

Dungeon Overview and Level Annotations

Branches:
Dungeon (6/15)             Temple (1/1) D:5

Altars:
Ashenzari
Cheibriados
Dithmenos
Elyvilon
Fedhas
Kikubaaqudgha
Makhleb
Nemelex Xobeh
Okawaru
Qazlal
Sif Muna
Trog
Vehumet
Xom
Yredelemnul
Zin
The Shining One

Annotations:
D:5 Eustachio


Message History

Found a pair of gloves and a brass wand.
A quokka comes into view.
You block the ice beast's attack.
A centaur skeleton comes into view.
The centaur skeleton hits you but does no damage.
You hit the quokka.
You kill the quokka!
You block the centaur skeleton's attack. x2
The centaur skeleton barely misses you.
A jackal comes into view.
You block the jackal's attack.
You slash the jackal!
You kill the jackal!
You block the centaur skeleton's attack.
The centaur skeleton barely misses you.
You block the centaur skeleton's attack.
The ice beast hits you.
* * * LOW HITPOINT WARNING * * *
The ice beast freezes you!
You die...

# ### ...
#.# #.#.
........
##.#.#.#.#
#..........
###@#.#.#.#.
#ZZ.Y.......
#.#Y#.#.#.#.
#.........
#.#.#[#/#.
##.........
#..#.#.#.#.
#.########
#..##


You could see 2 ice beasts, an orc zombie and a centaur skeleton.

Vanquished Creatures
  A phantom (D:5)
  A sky beast (D:5)
  An ice beast (D:5)
  2 vampire bats (D:3)
  A giant frog zombie (D:5)
  2 hounds (D:5)
  An orc wizard (D:4)
  An iguana (D:5)
  2 worker ants
  A quasit (D:5)
  Jessica (D:3)
  4 gnolls (D:5)
  3 adders
  A goliath beetle zombie (D:5)
  A shadow imp (D:5)
  6 worms
  3 giant geckos
  7 orcs
  3 bat skeletons (D:3)
  2 bat zombies (D:3)
  5 giant cockroaches
  15 goblins
  6 hobgoblins
  10 kobolds
  4 quokkas
  2 ball pythons
  9 bats
  7 giant newts
  12 jackals
  12 rats
126 creatures vanquished.

Notes
Turn   | Place    | Note
--------------------------------------------------------------
     0 | D:1      | Grimoiregrey, the Human Fighter, began the quest for the Orb.
     0 | D:1      | Reached XP level 1. HP: 18/18 MP: 1/1
   156 | D:1      | Reached XP level 2. HP: 17/24 MP: 2/2
   418 | D:1      | Reached XP level 3. HP: 29/29 MP: 3/3
   860 | D:2      | Reached XP level 4. HP: 24/35 MP: 4/4
  1455 | D:3      | Noticed Jessica
  1473 | D:3      | Killed Jessica
  1473 | D:3      | Reached XP level 5. HP: 34/42 MP: 5/5
  1547 | D:3      | Reached skill level 1 in Dodging
  1688 | D:3      | Found an ancient bone altar of Kikubaaqudgha.
  1898 | D:3      | Reached XP level 6. HP: 48/48 MP: 6/6
  2040 | D:4      | Reached skill level 4 in Fighting
  2479 | D:5      | Entered Level 5 of the Dungeon
  2585 | D:5      | Noticed a sky beast
  2600 | D:5      | Killed a sky beast
  2600 | D:5      | Reached XP level 7. HP: 39/54 MP: 7/7
  2622 | D:5      | Noticed an ice beast
  2636 | D:5      | Killed an ice beast
  2775 | D:5      | Found a staircase to the Ecumenical Temple.
  2845 | Temple   | Entered the Ecumenical Temple
  3078 | Temple   | Became a worshipper of Zin the Law-Giver
  3078 | Temple   | Acquired Zin's first power
  3233 | D:5      | Reached skill level 5 in Shields
  3257 | D:5      | Reached XP level 8. HP: 38/61 MP: 8/8
  3298 | D:5      | Found a blossoming altar of Fedhas.
  3483 | D:5      | Noticed Eustachio
  3606 | D:6      | Slain by an ice beast

Action                   |  1- 3 |  4- 6 |  7- 9 || total
-------------------------+-------+-------+-------++-------
Melee: Long sword        |    42 |   236 |   167 ||   445
       Short sword       |    69 |    11 |       ||    80
  Use: Scroll            |     4 |     6 |     2 ||    12
       Potion            |       |     4 |     3 ||     7
  Eat: Meat ration       |       |     1 |     1 ||     2
       Pizza             |       |     1 |       ||     1
       Fruit             |       |       |     1 ||     1
